 Dungeon Crawl Stone Soup version 0.16-a0-956-g65bd446 (webtiles) character file.

28277 RobertPalmer the Spear-Bearer (level 13, -5/111 HPs)
             Began as an Octopode Gladiator on Sept 30, 2014.
             Was a Priest of Qazlal.
             Slain by a komodo dragon (10 damage)
             ... on Level 7 of the Lair of Beasts on Oct 1, 2014.
             The game lasted 01:06:04 (22393 turns).

RobertPalmer the Spear-Bearer (Octopode Gladiator) Turns: 22393, Time: 01:06:04

HP  -5/111       AC 26     Str 15      XL: 13   Next: 37%
MP   0/21        EV  2     Int 18 (20) God: Qazlal [***...]
Gold 1066        SH  4     Dex 12      Spells:  1 memorised, 10 levels left

rFire  + + .     SeeInvis .     Q - +0 bardiche (venom)
rCold  + . .     Clarity  .     (no shield)
rNeg   + + +     rCorr    +     c - melded +1 hat
rPois  +         rRot     .     n - amulet of guardian spirit
rElec  +         Spirit   +     j - ring of positive energy
SustAb .         Warding  .     N - ring of protection from fire
rMut   .         NoTele   +     v - melded ring of protection from cold
Gourm  .                        z - melded ring of positive energy
MR     .....                    M - melded ring of positive energy
                                (ring currently unavailable)
                                (ring currently unavailable)
                                (ring currently unavailable)

@: brilliant, lethally poisoned, exhausted, tree-form, resistant, very slightly
contaminated, slowed, very slow, not resistant to hostile enchantments, very
unstealthy
A: almost no armour, amphibious, (8 rings), (constrict 8), (camouflage 0),
(gelatinous body 0)
a: Upheaval, Elemental Force, Renounce Religion


You were on level 7 of the Lair of Beasts.
You worshipped Qazlal.
Qazlal was most pleased with you.
You were very hungry.
You were a tree.
You visited 2 branches of the dungeon, and saw 16 of its levels.
You also visited: Ossuary.

You collected 1126 gold pieces.
You spent 60 gold pieces at shops.


Innate Abilities, Weirdness & Mutations

You cannot wear most types of armour.
You are amphibious.
((You can wear up to eight rings at the same time.))
((You can use your tentacles to constrict many enemies at once.))
((Your skin changes colour to match your surroundings (Stealth).))
((Your rubbery body absorbs attacks (AC +1).))


   Skills:
 - Level 2.0 Fighting
   Level 9.8(13.2) Axes
 - Level 4.4(7.7) Maces & Flails
 + Level 13.8(14.9) Polearms
 - Level 2.0 Throwing
 - Level 12.7 Dodging
 - Level 4.0 Invocations
 - Level 5.0 Evocations


You had 10 spell levels left.
You knew the following spells:

 Your Spells              Type           Power        Failure   Level  Hunger
s - Swiftness             Chrm/Air       ##......     4%          2    ###....

Inventory:

Hand weapons
 a - the +5 spear of Honour {pierce, +Inv SInv}
   (You found it on level 9 of the Dungeon)

   It inflicts extra damage upon your enemies.
   It enhances your eyesight.
   It lets you turn invisible.
 b - a +0 blowgun
 E - a +0 antimagic mace
 Q - a +0 bardiche of venom (weapon)
Missiles
 t - 57 poisoned needles
Armour
 c - a +1 hat (melded)
Magical devices
 d - a wand of paralysis (12)
 p - a wand of fireball (0)
 R - a wand of enslavement (4)
Comestibles
 f - 13 bread rations
 g - 14 fruits
 h - 6 meat rations
 o - 3 beef jerkies
 A - 5 chunks of elephant flesh {@*1}
 H - 2 chunks of blink frog flesh {@*1}
Scrolls
 k - 10 scrolls of remove curse
 I - 5 scrolls of immolation {!r}
 K - a scroll of enchant weapon
 P - 3 scrolls of teleportation
 Z - a scroll of recharging
Jewellery
 j - a ring of positive energy (left branch)
 n - an amulet of guardian spirit (around neck)
 r - an uncursed amulet of rage
 s - an uncursed ring of ice
 u - an uncursed amulet of faith {!P}
 v - a ring of protection from cold (melded)
 z - a ring of positive energy (melded)
 M - a ring of positive energy (melded)
 N - a ring of protection from fire (right branch)
 T - an uncursed ring of teleportation
 Y - an uncursed amulet of stasis
Potions
 e - 5 potions of restore abilities
 m - a potion of resistance
 x - 2 potions of degeneration {!q}
 C - 2 potions of might
 D - a potion of flight
 F - 2 potions of haste
 G - 4 potions of cancellation
 O - 2 potions of invisibility
Books
 y - a book of Burglary
 U - a Necronomicon {highlevel, unknown}
 W - a book of Fire
Miscellaneous
 i - a legendary deck of changes {drawn: 1}
 l - a fan of gales
 X - a fan of gales (inert)

Dungeon Overview and Level Annotations

Branches:
Dungeon (9/15)             Temple (0/1) D:6             Orc (0/4) D:9
   Lair (7/8) D:9           Swamp (0/5) Lair:3       Spider (0/5) Lair:5
  Slime (0/6) Lair:7

Altars:
Cheibriados
Dithmenos
Elyvilon
Fedhas
Kikubaaqudgha
Makhleb
Nemelex Xobeh
Okawaru
Qazlal
Ru
Sif Muna
Vehumet
Zin

Shops:
D:5 (   D:9 (

Annotations:
D:5 Afay's ghost, experienced GrFi

.......%...##.#.%........#..
..........#.###........###.
.........#### #........#
.>.......# #....#.#####
........## ####....### ....
....(...# #.#......###.....
.......## #....P###.......
..(...#######....§P#.........
....###.##.....§♣l...........
...#####.#......####.........
..####P...........##..........
.....#............#.#.........
....#...............§.........
.%...........................
.###.#...........#.###.##....
## ####...##.######. ## ...#
##P####. ## #


You could see a komodo dragon.


Message History

The water moccasin bites you.
* * * LOW HITPOINT WARNING * * *
You catch the helpless water moccasin completely off-guard!
You slice the water moccasin!!
You kill the water moccasin!
Qazlal accepts your kill.
The plant is engulfed in roaring flames.
You feel sick.
The plant is engulfed in roaring flames.
You destroy the plant!
You feel a strong urge to attack something.
You are no longer berserk.
You pass out from exhaustion.
You feel yourself slow down.
You are feeling very hungry.
You flicker back into view.
You feel sick.
The komodo dragon hisses menacingly.
You feel sick.
You can move again.
You hit the komodo dragon but do no damage.
The komodo dragon is poisoned.
The komodo dragon is moderately wounded.
You block the komodo dragon's attack. The komodo dragon bites you!!
* * * LOW HITPOINT WARNING * * *
You slash the komodo dragon!
The komodo dragon looks even sicker.
The komodo dragon is moderately wounded.
You feel sick. You block the komodo dragon's attack.
The komodo dragon bites you!
You die...

Action                   |  1- 3 |  4- 6 |  7- 9 | 10-12 | 13-15 || total
-------------------------+-------+-------+-------+-------+-------++-------
Melee: Flail             |    52 |       |       |       |       ||    52
       War axe           |    30 |    92 |   249 |   478 |       ||   849
       Spear             |       |       |       |    12 |    72 ||    84
       Bardiche          |       |       |       |    30 |    84 ||   114
 Fire: Blowgun           |       |       |    78 |   100 |     3 ||   181
Throw: Throwing net      |       |     2 |     3 |     8 |       ||    13
       Stone             |       |       |       |     2 |       ||     2
 Cast: Swiftness         |       |       |     1 |       |       ||     1
Invok: Upheaval          |       |       |       |     3 |     3 ||     6
       Elemental Force   |       |       |       |       |     1 ||     1
 Abil: Evoke Teleportati |       |       |       |     3 |       ||     3
Evoke: Wand              |     5 |     8 |       |    38 |     6 ||    57
       Fan of gales      |       |       |       |     2 |       ||     2
       Deck              |       |       |       |       |     1 ||     1
  Use: Scroll            |     2 |     2 |    16 |    17 |     3 ||    40
       Potion            |       |       |     9 |    13 |     8 ||    30
 Stab: Sleeping          |     3 |     5 |     8 |     1 |       ||    17
       Confused          |     1 |     7 |       |     1 |       ||     9
       Held in net/web   |       |     1 |     1 |     3 |       ||     5
       Distracted        |       |       |     1 |     1 |       ||     2
       Paralysed         |       |       |       |       |     8 ||     8
       Invisible         |       |       |       |       |     2 ||     2
  Eat: Chunk             |     2 |     5 |    16 |    28 |     3 ||    54
       Beef jerky        |       |     1 |       |     4 |     3 ||     8
       Pizza             |       |       |     1 |       |       ||     1
       Fruit             |       |       |     1 |       |       ||     1

Vault maps used:
D:1:      co_arrival_two_rings
D:2:      kiku_gazebo_pond_becter, lemuel_doored_altar, serial_forest,
          infiniplex_forest_diagonal, infiniplex_forest_diagonal,
          infiniplex_forest_end_1, infiniplex_forest_clump_small,
          infiniplex_forest_clump_large
D:3:      nemelex_deck, gammafunk_temple_overflow_elements, lemuel_crystal_altar
D:4:      first_bread, kennysheep_generic_room_8
D:5:      zin_treasury, nicolae_ossuary_entry_giza, serial_shops, shop,
          grunt_ministairs_4
D:6:      okawaru_metal_pillars_1_2, lemuel_coloured_pillars_altar,
          overflow_temple_1_default, minmay_temple_entry_butterflies,
          hangedman_decor_slide_cut, uniq_iyjb
D:7:      grunt_temple_overflow_forces_of_nature
D:8:      beetle_altar_1
D:9:      orc_david_3, minmay_lair_entry_grove, grunt_ogre_cave
Lair:1:   basic_altar, lemuel_fruit_tree
Lair:2:   serial_bayou_shore_b, lemuel_fruit_fields, serial_bayou_shore_a,
          serial_bayou_shore_b
Lair:3:   swamp_mist, infiniplex_staircase_pool_2
Lair:4:   grunt_megastairs_4
Lair:5:   nicolae_spider_entry_non_spiders, pf_torpor_hydra
Lair:6:   lemuel_old_faithful, uniq_snorg
Lair:7:   lemuel_ratsnest, slime_dummy, serial_bayou_shore_b
Ossuary:  ossuary_crypta

Notes
Turn   | Place    | Note
--------------------------------------------------------------
     0 | D:1      | RobertPalmer, the Octopode Gladiator, began the quest for the Orb.
     0 | D:1      | Reached XP level 1. HP: 14/14 MP: 1/1
   135 | D:1      | Reached XP level 2. HP: 19/19 MP: 2/2
  1061 | D:2      | Reached skill level 4 in Maces & Flails
  1061 | D:2      | Reached XP level 3. HP: 8/24 MP: 3/3
  1223 | D:2      | Found an ancient bone altar of Kikubaaqudgha.
  1294 | D:2      | Reached skill level 1 in Axes
  1428 | D:2      | Reached XP level 4. HP: 29/29 MP: 4/4
  1523 | D:2      | Found a white marble altar of Elyvilon.
  1544 | D:2      | Reached skill level 2 in Axes
  1839 | D:3      | Found a radiant altar of Vehumet.
  2046 | D:3      | Found a sparkling altar of Nemelex Xobeh.
  2169 | D:3      | Reached skill level 3 in Axes
  2340 | D:3      | Reached XP level 5. HP: 34/34 MP: 5/5
  2353 | D:3      | Found a burning altar of Makhleb.
  2353 | D:3      | Found a deep blue altar of Sif Muna.
  2824 | D:4      | Noticed a phantom
  2834 | D:4      | HP: 3/34 [phantom (7)]
  3132 | D:4      | Reached skill level 4 in Axes
  3365 | D:4      | Learned a level 2 spell: Swiftness
  3369 | D:4      | Reached XP level 6. HP: 36/39 MP: 6/6
  3639 | D:4      | Reached skill level 5 in Axes
  3880 | D:4      | Killed a phantom
  3880 | D:4      | Reached skill level 6 in Axes
  3880 | D:4      | Reached XP level 7. HP: 42/45 MP: 7/7
  4365 | D:5      | Entered Level 5 of the Dungeon
  4416 | D:5      | Reached skill level 7 in Axes
  4481 | D:5      | Noticed Afay's ghost (experienced GrFi)
  4502 | D:5      | Found Niawnin's Weapon Shoppe.
  4540 | D:5      | Found a sand-covered staircase.
  4545 | Ossuary  | Entered an ossuary
  4925 | D:5      | Bought a +0 antimagic mace for 60 gold pieces
  5229 | D:5      | Reached skill level 8 in Axes
  5229 | D:5      | Reached XP level 8. HP: 30/50 MP: 3/8
  5537 | D:6      | Found an iron altar of Okawaru.
  5598 | D:5      | Found a glowing silver altar of Zin.
  5635 | D:6      | Noticed Ijyb
  5679 | D:6      | Killed Ijyb
  5765 | D:6      | Found a sacrificial altar of Ru.
  5828 | D:6      | Found a staircase to the Ecumenical Temple.
  5966 | D:6      | Reached skill level 9 in Axes
  6121 | D:6      | Found a shadowy altar of Dithmenos.
  6780 | D:7      | Found a blossoming altar of Fedhas.
  6782 | D:7      | Found a stormy altar of Qazlal.
  6904 | D:7      | Became a worshipper of Qazlal Stormbringer
  7110 | D:7      | Noticed a hill giant
  7167 | D:7      | Killed a hill giant
  7167 | D:7      | Reached skill level 5 in Dodging
  7167 | D:7      | Reached XP level 9. HP: 54/54 MP: 7/9
  7204 | D:7      | Reached skill level 6 in Dodging
  7701 | D:7      | Reached skill level 1 in Polearms
  7800 | D:7      | Reached skill level 2 in Polearms
  8020 | D:7      | Reached skill level 3 in Polearms
  8528 | D:8      | Reached skill level 4 in Polearms
  8595 | D:8      | Reached skill level 5 in Polearms
  9077 | D:8      | Found a snail-covered altar of Cheibriados.
  9158 | D:8      | Reached skill level 6 in Polearms
  9336 | D:8      | Acquired Qazlal's first power
  9340 | D:8      | Reached XP level 10. HP: 46/60 MP: 10/10
  9895 | D:9      | Found a staircase to the Orcish Mines.
  9895 | D:9      | Found Crom's Weapon Emporium.
  9899 | D:9      | Found a staircase to the Lair.
 10352 | D:9      | Reached skill level 7 in Polearms
 10992 | D:9      | Reached skill level 8 in Polearms
 11198 | D:9      | Reached skill level 7 in Dodging
 11255 | D:9      | Got a warped spear
 11526 | D:9      | Identified the +5 spear of Honour {pierce, +Inv SInv} (You found it on level 9 of the Dungeon)
 12300 | D:8      | Noticed an unseen horror
 12314 | D:8      | Killed an unseen horror
 12314 | D:8      | Reached skill level 8 in Dodging
 12584 | Lair:1   | Entered Level 1 of the Lair of Beasts
 12775 | Lair:1   | Noticed an eight-headed hydra
 12794 | Lair:1   | Killed a four-headed hydra
 12794 | Lair:1   | Reached skill level 9 in Dodging
 12876 | Lair:1   | Found a stormy altar of Qazlal.
 12919 | Lair:1   | Acquired Qazlal's second power
 12920 | Lair:1   | Reached skill level 10 in Dodging
 12920 | Lair:1   | Reached XP level 11. HP: 27/64 MP: 11/11
 13664 | Lair:2   | Identified a scroll of acquirement
 13911 | Lair:3   | Reached skill level 11 in Dodging
 13992 | Lair:3   | Found a staircase to the Swamp.
 14024 | Lair:3   | Reached skill level 1 in Evocations
 14165 | Lair:3   | Reached skill level 2 in Evocations
 14456 | Lair:3   | Reached skill level 3 in Evocations
 14951 | Lair:4   | Reached skill level 4 in Evocations
 15064 | Lair:4   | HP: 4/64 [blink frog (15)]
 15383 | Lair:4   | Noticed a four-headed hydra
 15389 | Lair:3   | Reached skill level 5 in Evocations
 15460 | Lair:4   | Reached skill level 1 in Invocations
 15550 | Lair:4   | Acquired Qazlal's third power
 15818 | Lair:4   | Reached skill level 12 in Dodging
 15818 | Lair:4   | Reached skill level 2 in Invocations
 15924 | Lair:4   | Killed a two-headed hydra
 15924 | Lair:4   | Reached skill level 3 in Invocations
 15930 | Lair:4   | Reached skill level 4 in Invocations
 15930 | Lair:4   | Reached XP level 12. HP: 49/70 MP: 16/20
 16205 | Lair:4   | Noticed a six-headed hydra
 16212 | Lair:4   | Killed a five-headed hydra
 16212 | Lair:4   | Reached skill level 9 in Polearms
 16977 | Lair:5   | Found a hole to the Spider Nest.
 17633 | Lair:5   | Reached skill level 10 in Polearms
 18231 | Lair:5   | Noticed a six-headed hydra
 18242 | Lair:5   | Killed a hydra
 18632 | Lair:5   | Acquired Qazlal's fourth power
 19131 | Lair:6   | Reached skill level 11 in Polearms
 19778 | Lair:6   | Noticed Snorg
 20101 | Lair:6   | Reached skill level 12 in Polearms
 20205 | Lair:6   | Noticed a six-headed hydra
 20245 | Lair:6   | Reached XP level 13. HP: 37/74 MP: 11/21
 20265 | Lair:6   | Killed a six-headed hydra
 21160 | Lair:6   | Killed Snorg
 21160 | Lair:6   | Reached skill level 13 in Polearms
 21550 | Lair:7   | Found a staircase to the Slime Pits.
 22107 | Lair:6   | Upgraded the game from 0.16-a0-922-gae79c9c to 0.16-a0-956-g65bd446
 22369 | Lair:7   | Identified 2 potions of resistance
 22392 | Lair:7   | HP: 6/111 [komodo dragon (10)]
 22393 | Lair:7   | Slain by a komodo dragon

Vanquished Creatures
  Snorg (Lair:6)
  6 hydras
  An unseen horror (D:8)
  A hill giant (D:7)
  2 griffons
  4 elephants (Lair:6)
  4 spiny frogs
  A torpor snail (Lair:5)
  5 black mambas
  4 komodo dragons
  A two-headed ogre (D:9)
  17 blink frogs
  A boulder beetle (Lair:7)
  4 basilisks
  A wyvern (D:8)
  20 yaks
  A deep elf mage (D:9)
  6 hippogriffs
  10 crocodiles
  6 wolves
  12 water moccasins
  A black bear (Lair:3)
  2 orc warriors
  5 porcupines
  2 boring beetles (Lair:6)
  An ice beast (D:7)
  4 phantoms
  4 ogres
  A sky beast (D:8)
  A big kobold (D:8)
  16 giant frogs
  An eye of draining (D:9)
  4 scorpions
  3 killer bees (D:9)
  4 wights (D:8)
  3 crimson imps
  A centaur zombie (Ossuary)
  5 orc priests
  3 goliath beetles
  A centaur skeleton (D:4)
  A jelly (D:5)
  7 iguanas
  3 orc wizards
  7 hounds
  7 worker ants
  5 sheep (Lair:3)
  An ogre zombie (D:6)
  Ijyb (D:6)
  2 big kobold zombies
  5 mummies
  24 adders
  32 green rats
  A steam dragon skeleton (D:9)
  3 worms
  4 giant mites
  An adder skeleton (D:7)
  22 orcs
  A ball python (D:6)
  17 bats
  A bat zombie (D:7)
  6 giant cockroaches
  8 hobgoblins
  19 kobolds
  13 quokkas
  3 giant geckos
  5 giant newts
  A giant newt zombie (D:5)
  A giant spore (D:8)
  A gnoll zombie (Ossuary)
  12 goblins
  A goblin zombie (Ossuary)
  A hobgoblin skeleton (D:6)
  3 hobgoblin zombies
  2 jackals (D:2)
  A jackal zombie (D:8)
  A kobold skeleton (D:4)
  2 kobold zombies
  An orc zombie (Ossuary)
  13 rats
  A rat zombie (D:6)
  5 ballistomycetes (D:8)
  2 butterflies (D:6)
  17 fungi
  12 plants
446 creatures vanquished.

Vanquished Creatures (collateral kills)
  A blink frog (Lair:4)
  A phantom (D:9)
  A crocodile (Lair:4)
  2 killer bees (D:9)
5 creatures vanquished.

Vanquished Creatures (others)
  An air elemental (Lair:4)
  A fire elemental (Lair:7)
  A killer bee (D:9)
  A giant spore (D:8)
  A bush (D:9)
  4 fungi
  5 plants
14 creatures vanquished.

Grand Total: 465 creatures vanquished
